 Dungeon Crawl Stone Soup version 0.29-a0-722-g64f5989226 (webtiles) character file.

Game seed: 113817209783691465

6512 Brecoman the Zephyrmancer (level 11, -6/64 HPs)
             Began as a Tengu Air Elementalist on May 23, 2022.
             Was a Priest of Vehumet.
             Mangled by a sun demon (23 damage)
             ... summoned by a kobold demonologist
             ... on level 10 of the Dungeon on June 28, 2022.
             The game lasted 01:29:12 (17523 turns).

Brecoman the Zephyrmancer (Tengu Air Elementalist) Turns: 17523, Time: 01:29:12

Health: -6/64      AC: 13    Str: 17    XL:     11   Next: 0%
Magic:  20/23      EV: 12    Int: 18    God:    Vehumet [***...]
Gold:   564        SH:  0    Dex: 14    Spells: 10/25 levels left

rFire   . . .      SeeInvis .   j - +2 short sword (elec)
rCold   . . .      Faith    .   (no shield)
rNeg    . . .      Spirit   .   E - +1 chain mail {rPois}
rPois   +          Reflect  .   F - +0 hat
rElec   .          Harm     .   (no cloak)
rCorr   .          Rampage  .   q - +1 pair of gloves
Will    .....                   (boots unavailable)
Stlth   ..........              (no amulet)
HPRegen 0.20/turn               w - ring of wizardry
MPRegen 0.18/turn               r - +6 ring of strength

@: flying quickly and evasively, quick
A: beak, talons 3, nimble flight
a: Renounce Religion


You were on level 10 of the Dungeon.
You worshipped Vehumet.
Vehumet was most pleased with you.
You visited 2 branches of the dungeon, and saw 11 of its levels.

You collected 595 gold pieces.
You spent 31 gold pieces at shops.

Inventory:

Hand Weapons
 j - a +2 short sword of electrocution (weapon)
Missiles
 c - 34 poisoned darts
 f - 123 stones (quivered)
 H - a throwing net
Armour
 q - a +1 pair of gloves (worn)
 E - a +1 chain mail of poison resistance (worn)
 F - a +0 hat (worn)
Jewellery
 a - an amulet of faith
 l - a ring of protection from fire
 n - a ring of protection from fire
 o - a ring of poison resistance
 r - a +6 ring of strength (right hand)
 w - a ring of wizardry (left hand)
 y - a +6 ring of strength
 z - a ring of willpower
 A - a ring of positive energy
Wands
 t - a wand of digging (4)
 u - a wand of iceblast (19)
 B - a wand of flame (9)
 I - a wand of charming (6)
Scrolls
 d - a scroll of teleportation
 i - 2 scrolls of enchant weapon
 m - a scroll of fear
 D - 3 scrolls of identify
 G - 2 scrolls of blinking
 J - a scroll of poison {unknown}
Potions
 b - a potion of heal wounds
 e - 2 potions of might
 g - 6 potions of curing
 h - 5 potions of haste
 k - 2 potions of flight
 p - 2 potions of brilliance
 s - a potion of attraction
 v - 2 potions of resistance
 x - a potion of mutation
 C - a potion of berserk rage {unknown}


   Skills:
 + Level 5.7 Fighting
 + Level 6.2 Armour
 + Level 8.9 Dodging
 - Level 2.0 Stealth
 + Level 7.5 Spellcasting
 + Level 3.7 Conjurations
 + Level 11.1 Air Magic
 + Level 1.5 Poison Magic


You had 10 spell levels left.
You knew the following spells:

 Your Spells              Type           Power      Damage    Failure   Level
a - Shock                 Conj/Air       100%       1d9       1%          1
b - Static Discharge      Conj/Air       33%        N/A       1%          2
c - Swiftness             Air            46%        N/A       1%          3
d - Airstrike             Air            23%        N/A       1%          4
e - Poisonous Vapours     Pois/Air       58%        N/A       1%          2
f - Mephitic Cloud        Conj/Pois/Air  26%        N/A       4%          3

Your spell library contained the following spells:

 Spells                   Type           Power      Damage    Failure   Level
 Hailstorm                Conj/Ice       13%        3d5       45%         4
 Sticky Flame             Conj/Fire      13%        2d4       45%         4
 Tukima's Dance           Hex            6%         N/A       80%         3
 Yara's Violent Unravell  Hex/Tmut       3%         3d4       93%         5
 Animate Armour           Summ/Erth      12%        N/A       99%         4
 Dispel Undead            Necr           6%         3d8       99%         4
 Ice Form                 Ice/Tmut       6%         N/A       99%         4
 Passage of Golubria      Tloc           6%         N/A       99%         4
 Iron Shot                Conj/Erth      6%         9d2       99%         6
 Blade Hands              Tmut           3%         N/A       100%        5
 Simulacrum               Ice/Necr       3%         N/A       100%        6


Dungeon Overview and Level Annotations

Branches:
Dungeon (10/15)            Temple (1/1) D:5            Lair (0/6) D:8
    Orc: D:9-12

Altars:
Ashenzari
Cheibriados
Dithmenos
Elyvilon
Fedhas
Gozag
Hepliaklqana
Kikubaaqudgha
Makhleb
Nemelex Xobeh
Okawaru
Qazlal
Ru
Sif Muna
Trog
Uskayaw
Vehumet
Wu Jian
Xom
Yredelemnul
Zin
The Shining One

Shops:
D:1 ?   D:9 *

Annotations:
D:4 exclusion: ogre
D:5 4 runed translucent doors, Crazy Yiuf; flestrin's ghost, novice TrMo; gabibbone's ghost, novice MfFi; sbaton's ghost, amateur FoFi
D:7 2 transporters, mn3067's ghost, novice MfFi


Innate Abilities, Weirdness & Mutations

You have a beak for a mouth.
You have claws for feet.
Your magical nature lets you fly swiftly and evasively.


Message History

The crimson imp blinks!
You hit the kobold demonologist.
The kobold demonologist is moderately wounded.
The kobold demonologist hits you with a +0 dagger.
The sun demon barely misses you.
The iron imp hits you but does no damage.
Press: ? - help, v - describe, . - travel, g - get item
Here: a kobold demonologist, wielding a +0 dagger and wearing a +0 robe (moderately wounded)
Items here: ( ))) †.
The floor, spattered with blood.
Unknown command.
Casting: Shock (safe; 1% risk of failure)
Confirm with . or Enter, or press ? or * to list all spells.
Aiming: Airstrike (dangerous; 1% risk of failure)
Press: ? - help, Dir - move target, f - kobold demonologist
Aim: a kobold demonologist, wielding a +0 dagger and wearing a +0 robe (moderately wounded, empty space bonus: 2/8)
Okay, then.
Unknown command.
Casting: Airstrike (dangerous; 1% risk of failure)
Confirm with . or Enter, or press ? or * to list all spells.
Aiming: Poisonous Vapours (safe; 1% risk of failure)
Press: ? - help, Dir - move target, f - kobold demonologist
Aim: a kobold demonologist, wielding a +0 dagger and wearing a +0 robe (moderately wounded) Poisonous vapours surround the kobold demonologist!
The kobold demonologist is poisoned.
The kobold demonologist mumbles some strange words.
The sun demon hits you.
You are engulfed in flames!
The iron imp hits you but does no damage.
You hit the kobold demonologist. You claw the kobold demonologist.
The kobold demonologist is heavily wounded.
The sun demon hits you but does no damage.
The kobold demonologist hits you but does no damage.
The iron imp hits you but does no damage.
You hit the kobold demonologist. You claw the kobold demonologist!
The kobold demonologist is almost dead.
The sun demon hits you.
You are engulfed in flames!!
* * * LOW HITPOINT WARNING * * *
The kobold demonologist barely misses you.
The sun demon hits you!!
You die...

####
#######
########.
......#
#.......
..###.####
.......
).........
..)..
..........
....
#..##.####
.5#
#...#.#
#K########
##....#
#@35.....#
##.###
##5......#
#.#
#.......#
###.#
#.......#
....######
#.......#
#........#
#.......#
#........#
#.......#
.........#
#.......#
.........#
#.......#


You could see a sun demon (summoned), a kobold demonologist (very poisoned), an
iron imp (summoned), a quasit (summoned) and a crimson imp (summoned).

Vanquished Creatures
  2 manticores (D:10)
  A komodo dragon (D:8)
  A troll (D:9)
  2 shadows
  A wraith (D:10)
  5 yaks
  Eustachio (D:5)
  A basilisk (D:9)
  A steam dragon (D:9)
  2 water moccasins (D:7)
  An acid dragon (D:10)
  Duvessa (D:5)
  2 orc warriors
  2 ice beasts (D:6)
  A black bear (D:7)
  3 centaurs
  2 phantoms (D:5)
  3 kobold brigands
  5 bullfrogs
  A necrophage (D:6)
  2 gnoll sergeants
  3 scorpions
  3 wights (D:9)
  Dowan (D:5)
  4 killer bees (D:9)
  2 howler monkeys
  2 jellies
  5 hounds
  6 orc priests
  An iguana (D:4)
  Natasha (thrice) (D:4)
  2 gnoll shamans
  7 orc wizards
  15 gnolls
  8 adders
  2 shadow imps
  3 white imps
  4 ufetubi
  6 dart slugs
  2 worms
  20 orcs
  2 bats
  5 endoplasms
  5 giant cockroaches
  12 goblins
  12 hobgoblins
  3 jackals (D:2)
  5 quokkas
  5 ball pythons
  2 frilled lizards (D:1)
  24 kobolds
  6 rats
220 creatures vanquished.

Vanquished Creatures (others)
  A fungus (D:5)
  4 plants (D:8)
5 creatures vanquished.

Grand Total: 225 creatures vanquished

Notes
Turn   | Place    | Note
-------+----------+-------------------------------------------
     0 | D:1      | Brecoman the Tengu Air Elementalist began the quest for the
                  | Orb.
     0 | D:1      | Reached XP level 1. HP: 10/10 MP: 4/4
   299 | D:1      | Found Biphoiwn's Magic Scroll Boutique.
   321 | D:1      | Reached XP level 2. HP: 14/15 MP: 3/6
   560 | D:1      | Found a faded altar of an unknown god.
   920 | D:1      | Upgraded the game from 0.29-a0-473-gacb4ef3bc5 to
                  | 0.29-a0-474-gdfe5cd140f
  1182 | D:1      | Reached XP level 3. HP: 19/19 MP: 5/7
  1201 | D:1      | Upgraded the game from 0.29-a0-474-gdfe5cd140f to
                  | 0.29-a0-719-g0fec994a2d
  1970 | D:2      | Learned a level 2 spell: Static Discharge
  1974 | D:2      | Learned a level 3 spell: Swiftness
  2892 | D:2      | Reached XP level 4. HP: 24/24 MP: 6/9
  4156 | D:4      | Reached skill level 5 in Air Magic
  4188 | D:3      | Gained mutation: Your magical nature lets you fly swiftly
                  | and evasively. [Tengu growth]
  4188 | D:3      | Reached XP level 5. HP: 24/28 MP: 6/10
  4234 | D:3      | Learned a level 4 spell: Airstrike
  5081 | D:4      | Found a white marble altar of Elyvilon.
  5090 | D:4      | Found a burning altar of Makhleb.
  5121 | D:4      | Reached XP level 6. HP: 32/32 MP: 8/12
  5200 | D:4      | Noticed Natasha
  6042 | D:4      | Killed Natasha
  6043 | D:4      | Reached skill level 6 in Air Magic
  6094 | D:4      | Noticed Natasha
  6105 | D:4      | Killed Natasha
  6325 | D:4      | Found a white marble altar of Elyvilon.
  6364 | D:4      | Found a burning altar of Makhleb.
  6554 | D:4      | Noticed Natasha
  6561 | D:4      | Killed Natasha
  6592 | D:5      | Entered Level 5 of the Dungeon
  6602 | D:5      | Reached XP level 7. HP: 30/36 MP: 14/14
  6689 | D:5      | Found a staircase to the Ecumenical Temple.
  6718 | Temple   | Entered the Ecumenical Temple
  6889 | Temple   | Became a worshipper of Vehumet
  7001 | D:5      | Found a runed translucent door.
  7002 | D:5      | Noticed Crazy Yiuf
  7022 | D:5      | Noticed Eustachio
  7029 | D:5      | Killed Eustachio
  7030 | D:5      | Reached skill level 5 in Dodging
  7030 | D:5      | Reached skill level 7 in Air Magic
  7221 | D:5      | Noticed Dowan
  7436 | D:5      | Found a runed translucent gate.
  7555 | D:5      | Reached XP level 8. HP: 29/41 MP: 16/16
  7804 | D:5      | Reached skill level 5 in Spellcasting
  7840 | D:5      | Found a runed translucent gate.
  7841 | D:5      | Found a runed translucent gate.
  7842 | D:5      | Noticed flestrin's ghost (novice TrMo)
  7843 | D:5      | Noticed gabibbone's ghost (novice MfFi)
  7843 | D:5      | Noticed sbaton's ghost (amateur FoFi)
  7900 | D:5      | Noticed Duvessa
  7931 | D:5      | Killed Duvessa
  8371 | D:5      | Killed Dowan
  8372 | D:5      | Reached skill level 8 in Air Magic
  8663 | D:6      | Reached skill level 1 in Armour
  8815 | D:6      | Reached skill level 1 in Fighting
  9060 | D:6      | Reached * piety under Vehumet
  9060 | D:6      | Offered knowledge of Foxfire by Vehumet.
  9671 | D:6      | Reached XP level 9. HP: 49/49 MP: 18/18
  9671 | D:6      | Upgraded the game from 0.29-a0-719-g0fec994a2d to
                  | 0.29-a0-722-g64f5989226
 10112 | D:7      | Reached skill level 9 in Air Magic
 10293 | D:7      | Found a transporter.
 10580 | D:7      | Noticed a two-headed ogre
 10580 | D:7      | Noticed mn3067's ghost (novice MfFi)
 11156 | D:7      | Found a transporter.
 11808 | D:7      | Identified the ring of Xaevvov {Fly rPois rN+}
 12563 | D:7      | Found a bloodstained altar of Trog.
 12582 | D:7      | Reached ** piety under Vehumet
 12582 | D:7      | Offered knowledge of Poisonous Vapours by Vehumet.
 12599 | D:7      | Learned a level 2 spell: Poisonous Vapours
 13419 | D:8      | Found a staircase to the Lair.
 13420 | D:8      | Noticed a komodo dragon
 13834 | D:8      | Killed a komodo dragon
 13835 | D:8      | Reached skill level 10 in Air Magic
 13835 | D:8      | Reached XP level 10. HP: 37/57 MP: 13/21
 14150 | D:8      | You are sucked into a shaft and drop 1 floor!
 14162 | D:9      | Found Podghafo's Assorted Antiques.
 14170 | D:9      | Bought a scroll labelled JUEVIX NEELIUS for 31 gold pieces
 14804 | D:9      | Reached skill level 5 in Armour
 15080 | D:9      | Found a broken altar of Ashenzari.
 15080 | D:9      | Found an iron altar of Okawaru.
 15081 | D:9      | Found an opulent altar of Gozag.
 15754 | D:10     | Entered Level 10 of the Dungeon
 15908 | D:10     | Noticed a manticore
 15917 | D:10     | Killed a manticore
 16064 | D:9      | Reached skill level 5 in Fighting
 16532 | D:10     | Offered knowledge of Mephitic Cloud by Vehumet.
 16759 | D:10     | Learned a level 3 spell: Mephitic Cloud
 16847 | D:10     | Noticed a manticore
 17019 | D:9      | Reached skill level 11 in Air Magic
 17332 | D:9      | Reached *** piety under Vehumet
 17333 | D:9      | Reached skill level 1 in Poison Magic
 17392 | D:10     | Killed a manticore
 17505 | D:10     | Noticed a kobold demonologist
 17514 | D:10     | Reached XP level 11. HP: 62/64 MP: 20/23
 17520 | D:10     | Noticed a sun demon
 17523 | D:10     | Mangled by a sun demon

Illustrated notes

Levels and vault maps discovered:
D:1:      dpeg_arrival_castle, layout_loops_ring, serial_shops,
          nicolae_shop_advertising_works [nicolae_subvault_shop_adworks],
          hellmonk_ecumenical_altar_arch_garden
D:2:      layout_basic, nicolae_concentric_dashed_squares_wild
D:3:      layout_loops_cross
D:4:      layout_rooms, mainiacjoe_overflow_swirl, uniq_natasha
D:5:      layout_loops_ring, minmay_temple_entry_waves,
          gammafunk_ghost_cemetery, uniq_eustachio, uniq_duvessa,
          uniq_crazy_yiuf_cottage
D:6:      layout_loops_ring, minmay_fractal_squares_5
D:7:      layout_basic, trog_hazing_becter, gammafunk_ghost_smash
D:8:      layout_loops_ring, david_lair_shrubbed, enter_bailey_3
D:9:      layout_irregular_city, grunt_temple_overflow_open, serial_shops,
          shop_fountains
D:10:     layout_basic, kennysheep_small_square
Temple:   nicolae_temple_elliptical

Skill      XL: |  1  2  3  4  5  6  7  8  9 10 |
---------------+-------------------------------+-----
Conjurations   | 2 3 |  3.7
Dodging        | 3 4 5 6 7 8 |  8.9
Spellcasting   | 3 4 5 6 7 |  7.5
Air Magic      | 5 6 7 8 10 11 | 11.1
Armour         | 2 4 6 |  6.2
Fighting       | 2 4 5 |  5.7
Poison Magic   | 1 |  1.5
Stealth        | |  2.0

Action                   |  1- 3 |  4- 6 |  7- 9 | 10-12 || total
-------------------------+-------+-------+-------+-------++-------
Melee: Peck              |     2 |     5 |    49 |    14 ||    70
       Unarmed           |     1 |       |       |       ||     1
       Dagger            |    20 |    12 |       |       ||    32
       Kick              |     5 |     9 |    70 |    32 ||   116
       Short sword       |       |    20 |   263 |    83 ||   366
       Punch             |       |       |     3 |       ||     3
Throw: Stone             |    37 |    23 |     2 |       ||    62
 Cast: Shock             |    53 |    92 |    75 |    19 ||   239
       Airstrike         |       |       |    12 |    24 ||    36
       Swiftness         |       |       |     1 |       ||     1
       Poisonous Vapours |       |       |     5 |     6 ||    11
       Static Discharge  |       |       |     2 |     4 ||     6
  Use: Scroll            |       |     8 |     5 |     5 ||    18
       Potion            |       |       |     2 |       ||     2
 Stab: Sleeping          |       |     3 |       |       ||     3
Armor: Robe              |     7 |     2 |       |       ||     9
       Leather armour    |       |     5 |     9 |       ||    14
       Chain mail        |       |       |   145 |    57 ||   202
Dodge: Dodged            |    39 |    74 |   183 |    94 ||   390

Table legend: (Time is in decaauts)
 A = Elapsed time spent in this place.
 B = Non-inter-level travel time spent in this place.
 C = Inter-level travel time spent in this place.
 D = Time resting spent in this place.
 E = Time spent auto-exploring this place.
 F = Levels seen in this place.
 G = Mean time per level.
                   A        B        C        D        E       F      G
               +--------+--------+--------+--------+--------+-----+--------+
         Total |  17005 |  16231 |    774 |   7424 |   3049 |  11 | 1545.9 |
       Dungeon |  16838 |  16083 |    755 |   7424 |   2943 |  10 | 1683.8 |
        Temple |    167 |    149 |     18 |      0 |    106 |   1 |  167.0 |
               +--------+--------+--------+--------+--------+-----+--------+

Top non-repeatable levels by time:
     D:6: 2323 daAuts
     D:9: 2134 daAuts
     D:7: 2110 daAuts
     D:4: 2101 daAuts
     D:1: 1842 daAuts
     D:3: 1654 daAuts
     D:5: 1374 daAuts
     D:2: 1332 daAuts
     D:8: 1063 daAuts
    D:10: 900 daAuts
  Temple: 167 daAuts
